 Dungeon Crawl Stone Soup version 0.22.1-1-ga44c0e5 (webtiles) character file.

16317 Goblin1989 the Fighter (level 12, 0/98 HPs)
             Began as a Mummy Fighter on Oct 25, 2018.
             Was an Initiate of Gozag.
             Slain by Rupert
             ... wielding a +0 great mace of crushing
              (19 damage)
             ... on level 3 of the Lair of Beasts on Oct 28, 2018.
             The game lasted 00:53:43 (13226 turns).

Goblin1989 the Fighter (Mummy Fighter)             Turns: 13226, Time: 00:53:44

Health: 0/98       AC: 29    Str: 24    XL:     12   Next: 9%
Magic:  12/12      EV: 12    Int:  7    God:    Gozag
Gold:   517        SH:  8    Dex: 12    Spells: 11/11 levels left

rFire    . . .     SeeInvis .   a - +2 flail (protect)
rCold    + . .     Gourm    .   Q - +2 buckler {AC+3}
rNeg     + + +     Faith    .   N - +3 chain mail {rF+}
rPois    ∞         Spirit   .   L - +2 hat {MR+}
rElec    .         Reflect  .   C - +0 cloak
rCorr    .         Harm     .   Y - +0 pair of gloves
MR       ++...                  e - +0 pair of boots
Stlth    ..........             r - amulet of regeneration
HPRegen  0.66/turn              l - ring of flight
MPRegen  0.13/turn              (no ring)

@: protection aura
A: no food or potions, fire vulnerability, cold resistance 1, negative energy
resistance 3, torment resistance, unbreathing
a: Potion Petition, Call Merchant, Bribe Branch, Renounce Religion, Evoke Flight


You were on level 3 of the Lair of Beasts.
You worshipped Gozag.
Gozag was pleased with you.
You were not hungry.

You visited 3 branches of the dungeon, and saw 14 of its levels.
You also visited: Volcano.

You collected 2560 gold pieces.
You spent 425 gold pieces at shops.
You paid 1618 gold pieces to Gozag.

Inventory:

Hand Weapons
 a - a +2 flail of protection (weapon)
 v - a +0 hunting sling
 w - a +0 blowgun {@w1}
Missiles
 F - 170 sling bullets
 K - 4 curare-tipped needles
 Z - a throwing net (quivered) {!d , @Q1}
Armour
 c - a +0 shield
 e - a +0 pair of boots (worn)
 u - a +0 large shield
 C - a +0 cloak (worn)
 G - the +4 ring mail of the Enchanted Forest {rElec rPois Str+4 Stlth+}
   (You found it on level 5 of the Dungeon)

   It affects your strength (+4).
   It insulates you from electricity.
   It protects you from poison.
   It makes you more stealthy.
 H - a +2 pair of boots
 L - a +2 hat of magic resistance (worn)
 N - a +3 chain mail of fire resistance (worn)
 O - a +2 plate armour of fire resistance
 Q - a +2 buckler of protection (worn)
 U - the -1 buckler "Dyukhluv" {MR+ Dex+4}
   (You found it on level 10 of the Dungeon)

   It affects your dexterity (+4).
   It affects your resistance to hostile enchantments.
 X - a +0 helmet
 Y - a +0 pair of gloves (worn)
Jewellery
 l - a ring of flight (left hand)
 r - an amulet of regeneration (around neck)
Wands
 J - a wand of paralysis (13) {@v7}
 P - a wand of random effects (27)
 W - a wand of digging (6) {@v1}
Scrolls
 s - 3 scrolls of enchant weapon
 y - a scroll of immolation
 B - 3 scrolls of blinking
 D - 2 scrolls of remove curse {@r3}
 I - a scroll of silence
 M - a scroll of magic mapping
 R - 3 scrolls of identify {@r1}
 S - a scroll of fear {unknown}
 T - 2 scrolls of teleportation {!r, @r2}
 V - a scroll of amnesia


   Skills:
 + Level 10.3 Fighting
 - Level 7.0 Maces & Flails
 - Level 7.0 Armour
 - Level 8.0 Dodging
 - Level 8.2 Shields


You had 11 spell levels left.
You didn't know any spells.
Your spell library contained the following spells:

 Spells                   Type           Power        Failure   Level  Hunger
 Flame Tongue             Conj/Fire      #....        96%         1    N/A
 Freeze                   Ice            #...         96%         1    N/A
 Shock                    Conj/Air       #...         96%         1    N/A
 Sting                    Conj/Pois      #...         96%         1    N/A
 Poisonous Vapours        Pois/Air       #.....       99%         2    N/A
 Sticks to Snakes         Tmut           #.......     99%         2    N/A
 Swiftness                Chrm/Air       #.......     99%         2    N/A
 Throw Frost              Conj/Ice       #.....       99%         2    N/A
 Mephitic Cloud           Conj/Pois/Air  #.......     100%        3    N/A
 Ozocubu's Armour         Chrm/Ice       #.......     100%        3    N/A
 Static Discharge         Conj/Air       #.......     100%        3    N/A
 Airstrike                Air            #.........   100%        4    N/A
 Olgreb's Toxic Radiance  Pois           #.......     100%        4    N/A
 Summon Ice Beast         Ice/Summ       #.......     100%        4    N/A
 Throw Icicle             Conj/Ice       #.......     100%        4    N/A
 Alistair's Intoxication  Tmut/Pois      #.......     100%        5    N/A
 Fireball                 Conj/Fire      #.........   100%        5    N/A
 Lightning Bolt           Conj/Air       #.........   100%        5    N/A
 Venom Bolt               Conj/Pois      #.........   100%        5    N/A
 Beastly Appendage        Tmut           Unusable     N/A         1    N/A
 Hydra Form               Tmut           Unusable     N/A         6    N/A

Dungeon Overview and Level Annotations

Branches:
Dungeon (10/15)            Temple (1/1) D:6            Lair (3/6) D:8
 Shoals (0/4) Lair:3          Orc (0/2) D:10
  Snake: Lair:2-4    Spider: Lair:2-4

Altars:
Ashenzari
Cheibriados
Dithmenos
Elyvilon
Fedhas
Gozag
Hepliaklqana
Kikubaaqudgha
Makhleb
Nemelex Xobeh
Okawaru
Qazlal
Ru
Sif Muna
Trog
Uskayaw
Vehumet
Wu Jian
Yredelemnul
Zin
The Shining One

Shops:
D:8 :   Lair:1 *

Annotations:
D:8 exclusion: statue
D:9 3 runed doors, Zebedee's ghost, novice TrEE; brandon's ghost, novice MiBe
Lair:3 Rupert


Innate Abilities, Weirdness & Mutations

You do not eat or drink.
Your flesh is vulnerable to fire.
You are immune to poison.
Your flesh is cold resistant. (rC+)
You are immune to negative energy. (rN+++)
You are immune to unholy pain and torment.
You can survive without breathing.


Message History

Rupert roars wildly at you. You resist with almost no effort.
The yak bellows!
You hear a bellow! x2
You block the wolf's attack.
You hit Rupert.
Your weapon exudes an aura of protection.
Rupert is lightly wounded.
The wolf bites you but does no damage.
You hit Rupert but do no damage.
Rupert is lightly wounded.
The wolf closely misses you. Rupert misses you. The wolf barely misses you.
You hit Rupert.
Rupert is lightly wounded.
The wolf bites you but does no damage.
Rupert roars madly and goes into a rage!
Rupert goes berserk!
You block the wolf's attack.
You thump Rupert!
Rupert is lightly wounded.
Rupert completely misses you. The wolf bites you but does no damage.
You barely miss Rupert.
Rupert is lightly wounded.
The wolf bites you but does no damage. You block Rupert's attack.
The wolf closely misses you. Rupert closely misses you.
You hit Rupert but do no damage.
Rupert is lightly wounded.
The wolf bites you but does no damage.
A yak comes into view.
The yak gores you but does no damage. Rupert closely misses you.
A yak comes into view.
You block the wolf's attack.
Your chain mail prevents you from hitting Rupert.
Rupert is lightly wounded.
The yak bellows!
You hear a bellow! x2
The wolf bites you but does no damage.
Rupert hits you with a great mace of crushing.
The yak closely misses you.
A yak comes into view.
The wolf barely misses you.
You take 2 damage, and have 96/98 hp.
You barely miss Rupert.
Rupert is lightly wounded.
Rupert closely misses you. The wolf barely misses you.
The yak barely misses you.
Unknown command.
You thump Rupert!
Rupert is lightly wounded.
The wolf bites you but does no damage. Rupert closely misses you.
The yak gores you but does no damage. The wolf bites you but does no damage.
Unknown command.
You completely miss Rupert.
Rupert is lightly wounded.
You block Rupert's attack. The wolf bites you. The yak barely misses you.
The wolf closely misses you. Rupert misses you. You block the yak's attack.
You take 1 damage, and have 96/98 hp.
Unknown command.
You closely miss Rupert.
Rupert is lightly wounded.
The wolf barely misses you. The yak closely misses you.
Rupert closely misses you. The yak gores you but does no damage.
You block the wolf's attack.
Unknown command.
You hit Rupert.
Rupert is lightly wounded.
The yak barely misses you. The wolf barely misses you.
Rupert hits you with a great mace of crushing!!
You block the yak's attack.
You take 32 damage, and have 65/98 hp.
MASSIVE DAMAGE!!
Unknown command.
You barely miss Rupert.
Rupert is lightly wounded.
The wolf bites you but does no damage. Rupert barely misses you.
The yak gores you but does no damage. The wolf bites you but does no damage.
The yak barely misses you.
Unknown command.
You barely miss Rupert.
Rupert is lightly wounded.
You block the wolf's attack.
Rupert hits you with a great mace of crushing.
The yak barely misses you. The yak gores you! The wolf closely misses you.
The yak gores you but does no damage.
You take 14 damage, and have 52/98 hp.
You sock Rupert!
Rupert is moderately wounded.
Rupert hits you but does no damage. The wolf bites you but does no damage.
Rupert closely misses you. You block the wolf's attack.
Unknown command.
You completely miss Rupert.
Rupert is moderately wounded.
You block the yak's attack. The wolf bites you.
Rupert hits you with a great mace of crushing!!
* * * LOW HITPOINT WARNING * * *
x2 The yak gores you.
* * * LOW HITPOINT WARNING * * *
You take 34 damage, and have 18/98 hp.
MASSIVE DAMAGE!!
You hit Rupert but do no damage.
Rupert is moderately wounded.
You block the wolf's attack. The yak completely misses you.
Rupert hits you with a great mace of crushing!!
You die...
Your body crumbles into a pile of gold. ........ █≈ <..@.... .......... █≈ ........ ......... █≈ Y....... ......... ██████

Y..█.... ........P
█.█P██ .... ...
........█ █..... ██...
.. ......YY██ █...P)
.... . .....YY@h██
█..... .....
......Y@..█ ██ ██....
.█....YY..██.█ █....
█..........█ █....
█.........P█ ███.... $
███.......████ █......
█..........██ █......
$
█....[.......███......
███...........█P......
██..................


You could see Rupert (berserk), 7 yaks and a wolf.

Vanquished Creatures
  Gastronok (Lair:2)
  A red draconian (Volcano)
  An ogre mage (Volcano)
  A two-headed ogre (Volcano)
  Nergalle (Lair:3)
  Sonja (Lair:2)
  A black mamba (Lair:1)
  A spiny frog (Lair:1)
  A rime drake (Lair:1)
  3 komodo dragons
  A troll (D:10)
  5 hippogriffs
  A snapping turtle (Lair:3)
  A spriggan (Lair:1)
  2 wyverns
  Eustachio (D:5)
  8 yaks
  A basilisk (Lair:1)
  8 water moccasins
  3 porcupines
  4 orc warriors
  A hornet zombie (D:9)
  A sky beast (D:5)
  3 ice beasts
  7 ogres
  5 phantoms
  9 wolves
  6 crocodiles
  9 bullfrogs
  3 scorpions
  3 killer bees (D:9)
  4 wights (D:6)
  An electric eel (Lair:3)
  5 crimson imps
  A bullfrog zombie (D:9)
  5 orc priests
  4 jellies
  5 bullfrog skeletons
  2 centaur skeletons
  2 hounds
  9 orc wizards
  3 iguanas
  3 worker ants
  A hound skeleton (D:8)
  A worker ant zombie (D:6)
  10 gnolls
  8 adders
  3 shadow imps
  An ooze (D:3)
  6 worms
  2 dart slugs
  6 leopard geckos
  38 orcs
  A giant cockroach (D:4)
  10 goblins
  8 hobgoblins
  9 jackals
  7 kobolds
  4 quokkas
  3 ball pythons
  6 bats
  4 frilled lizards
  2 leopard gecko skeletons
  A quokka zombie (D:7)
  6 rats
  A fungus (D:8)
276 creatures vanquished.

Vanquished Creatures (others)
  5 fungi
  3 plants
  A withered plant (D:9)
9 creatures vanquished.

Grand Total: 285 creatures vanquished

Notes
Turn   | Place    | Note
-------+----------+-------------------------------------------
     0 | D:1      | Goblin1989 the Mummy Fighter began the quest for the Orb.
     0 | D:1      | Reached XP level 1. HP: 18/18 MP: 1/1
     6 | D:1      | Noticed a salamander
     6 | D:1      | Noticed a komodo dragon
     6 | D:1      | Noticed a worker ant
     7 | D:1      | Noticed a hound
     7 | D:1      | Noticed a swamp drake
   162 | D:1      | Reached XP level 2. HP: 24/24 MP: 2/2
   612 | D:2      | Reached XP level 3. HP: 26/29 MP: 3/3
   700 | D:2      | Found an opulent altar of Gozag.
   709 | D:2      | Became a worshipper of Gozag Ym Sagoz the Greedy
  1187 | D:1      | Reached XP level 4. HP: 22/35 MP: 4/4
  1230 | D:1      | Goblin1989: !apt mu
  1230 | D:1      | XtahuaRules: Mu: Fighting: 0, Short: -2*, Long: -2*, Axes:
                  | -2*, Maces: -2, Polearms: -2, Staves: -2, Slings: -2, Bows:
                  | -2, Xbows: -2, Throw: -2*, Armour: -2, Dodge: -2, Stealth:
                  | -1, Shields: -2, UC: -2*, Splcast: 2, Conj: -2, Hexes: -1,
                  | Charms: -2, Summ: -2, Nec: 0, Tloc: -2, Tmut: -2, Fire: -2,
                  | Ice: -2, Air: -2, Earth: -2, Poison: -2, Inv: -1*, Evo: -2,
                  | Exp: -1, HP: 0, MP: 0
  1833 | D:3      | Reached XP level 5. HP: 38/41 MP: 5/5
  1914 | D:3      | Found a bloodstained altar of Trog.
  2003 | D:3      | Found a glowing silver altar of Zin.
  2049 | D:3      | Found a stormy altar of Qazlal.
  2325 | D:4      | Noticed an ogre
  2427 | D:4      | Noticed a phantom
  2512 | D:4      | Noticed a phantom
  2640 | D:4      | Reached skill level 5 in Maces & Flails
  2924 | D:4      | Killed an ogre
  2924 | D:4      | Reached XP level 6. HP: 16/47 MP: 6/6
  3253 | D:3      | Reached XP level 7. HP: 22/52 MP: 7/7
  3704 | D:4      | Found a hide-covered altar of Uskayaw.
  3705 | D:4      | Found a deep blue altar of Sif Muna.
  3844 | D:5      | Entered Level 5 of the Dungeon
  3898 | D:5      | Noticed Eustachio
  3979 | D:4      | Reached skill level 4 in Fighting
  4039 | D:5      | Got a translucent ring mail
  4333 | D:6      | Reached skill level 5 in Fighting
  4362 | D:6      | Reached XP level 8. HP: 57/62 MP: 8/8
  4652 | D:6      | Reached skill level 6 in Fighting
  4675 | D:6      | Found a staircase to the Ecumenical Temple.
  4699 | D:6      | Reached skill level 7 in Fighting
  4871 | Temple   | Entered the Ecumenical Temple
  5227 | D:5      | Killed Eustachio
  5249 | D:5      | Reached skill level 5 in Armour
  5500 | D:5      | Found a sacrificial altar of Ru.
  5646 | D:6      | Reached XP level 9. HP: 72/72 MP: 9/9
  6285 | D:7      | Identified the +4 ring mail of the Enchanted Forest {rElec
                  | rPois Str+4 Stlth+} (You found it on level 5 of the
                  | Dungeon)
  6385 | D:7      | Found a shattered altar of Ashenzari.
  6873 | D:8      | Found a staircase to the Lair.
  7256 | D:8      | Reached skill level 1 in Dodging
  7352 | D:8      | Found a radiant altar of Vehumet.
  7431 | D:8      | Found a shadowy altar of Dithmenos.
  7482 | D:8      | Found Dajibuup's Book Shop.
  7852 | Lair:1   | Entered Level 1 of the Lair of Beasts
  7854 | Lair:1   | Noticed a komodo dragon
  8028 | D:9      | Reached skill level 5 in Dodging
  8065 | D:9      | Reached XP level 10. HP: 76/79 MP: 10/10
  8489 | D:9      | Found a runed gate.
  8490 | D:9      | Found a runed gate.
  8492 | D:9      | Noticed brandon's ghost (novice MiBe)
  8492 | D:9      | Noticed Zebedee's ghost (novice TrEE)
  8493 | D:9      | Found a runed gate.
  8680 | D:10     | Entered Level 10 of the Dungeon
  8736 | D:10     | Got a smoking buckler
  8768 | D:10     | Identified the cursed -1 buckler "Dyukhluv" {MR+ Dex+4}
                  | (You found it on level 10 of the Dungeon)
  8993 | D:10     | Found a staircase to the Orcish Mines.
  9743 | Lair:1   | Noticed a spiny frog
  9748 | Lair:1   | Killed a spiny frog
  9772 | Lair:1   | Bought a scroll of identify for 46 gold pieces
  9772 | Lair:1   | Bought a scroll of blinking for 172 gold pieces
  9772 | Lair:1   | Bought a brightly glowing zirconium amulet for 115 gold
                  | pieces
  9772 | Lair:1   | Bought a jewelled copper wand for 92 gold pieces
  9772 | Lair:1   | Identified the amulet of the Special Ships {+Rage rElec}
                  | (You bought it in a shop on level 1 of the Lair of Beasts)
  9834 | Lair:1   | Noticed a black mamba
  9867 | Lair:1   | Killed a black mamba
  9986 | Lair:1   | Reached skill level 5 in Shields
  9986 | Lair:1   | Reached XP level 11. HP: 56/84 MP: 11/11
 10827 | Lair:2   | Noticed Gastronok
 10846 | Lair:2   | Found a dark tunnel.
 10852 | Volcano  | Entered a volcano
 10871 | Volcano  | Noticed a two-headed ogre
 10872 | Volcano  | Noticed a red draconian
 10892 | Volcano  | Killed a red draconian
 10894 | Volcano  | Killed a two-headed ogre
 10977 | Volcano  | Noticed a two-headed ogre
 10977 | Volcano  | Noticed a two-headed ogre
 10977 | Volcano  | Noticed an ogre mage
 10985 | Volcano  | Killed an ogre mage
 10998 | Volcano  | Noticed a two-headed ogre
 11372 | Lair:2   | kirsanium: не уважаешь ты улитку
 11374 | Lair:2   | kirsanium: хоть бы майт выпил
 11374 | Lair:2   | Killed Gastronok
 11374 | Lair:2   | Reached skill level 8 in Fighting
 11377 | Lair:2   | Goblin1989: выбрал самое дешевое
 11377 | Lair:2   | kirsanium: ой, ты ж мумия
 11377 | Lair:2   | kirsanium: и не выпить ничего
 11377 | Lair:2   | Goblin1989: мне если честно сейчас и играть-то не особо
                  | хочется. так, время убиваю
 11512 | Lair:2   | Noticed Sonja
 11560 | Lair:2   | kirsanium: палкой ее, палкой
 11577 | Lair:2   | kirsanium: КОПАЙ ЕЕ
 11816 | Lair:2   | Reached skill level 9 in Fighting
 12103 | Lair:2   | Identified the Compendium of the Shifting Arsonist
 12722 | Lair:2   | Killed Sonja
 12743 | Lair:3   | Noticed Rupert
 12818 | Lair:3   | Reached XP level 12. HP: 97/97 MP: 12/12
 12833 | Lair:3   | Noticed Nergalle
 12858 | Lair:3   | Killed Nergalle
 12858 | Lair:3   | Reached skill level 10 in Fighting
 13000 | Lair:3   | Found a staircase to the Shoals.
 13226 | Lair:3   | Slain by Rupert

Skill      XL: |  1  2  3  4  5  6  7  8  9 10 11 12 |
---------------+-------------------------------------+-----
Maces & Flails | 2 3 4 5 6 7 |  7.0
Fighting       | 5 7 9 10 | 10.3
Armour         | 5 7 |  7.0
Dodging        | 5 8 |  8.0
Shields        | 5 8 |  8.2

Action                   |  1- 3 |  4- 6 |  7- 9 | 10-12 || total
-------------------------+-------+-------+-------+-------++-------
Melee: Flail             |   152 |   261 |   491 |   747 ||  1651
 Fire: Hunting sling     |       |     2 |       |       ||     2
Throw: Throwing net      |       |       |       |     1 ||     1
Invok: Potion Petition   |       |       |     1 |     2 ||     3
       Call Merchant     |       |       |       |     1 ||     1
Evoke: Wand              |       |     2 |       |    19 ||    21
  Use: Scroll            |       |     4 |     2 |    10 ||    16
 Stab: Distracted        |       |       |     1 |     2 ||     3
       Sleeping          |       |       |     1 |     2 ||     3
       Held in net/web   |       |       |       |     3 ||     3
Armor: Scale mail        |    65 |   104 |   138 |       ||   307
       Ring mail         |       |       |    85 |   130 ||   215
       Chain mail        |       |       |       |   280 ||   280
Dodge: Dodged            |    40 |    81 |   132 |   484 ||   737
Block: Shield            |    83 |   106 |   231 |   114 ||   534
       Buckler           |       |       |       |   198 ||   198

Vault maps used:
D:1:      onia_arrival_zoo_common
D:2:      grunt_gozag_breadcrumbs, first_ration, minivault_26,
          kennysheep_nondescript
D:3:      zin_scriptorium, marbit_many_paths, trog_book
D:4:      corexii_shack_village, gammafunk_temple_overflow_statue
D:5:      nicolae_ru_the_path_less_chosen, uniq_eustachio
D:6:      temple_fountains, grunt_decor_one_mirror, nrook_mini_backslash
D:7:      cheibrodos_ashenzari_chains, grunt_ogre_cave,
          kennysheep_generic_room_11
D:8:      nicolae_overflow_hidden_temple, vehumet_statue, dpeg_oklobed_lair,
          serial_shops, shop, grunt_dithmenos_smoke
D:9:      gammafunk_ghost_cemetery
D:10:     kennysheep_spiral_hall, orc_0_dummy
Temple:   nicolae_temple_x_marks_the_god
Lair:1:   grunt_forest_large_clearing_hut
Lair:2:   enter_volcano_4, st_stairs_9, uniq_gastronok, uniq_sonja
Lair:3:   minmay_shoals_entry_hut, spider_nest_entry_funnel_web, uniq_rupert,
          uniq_nergalle
Volcano:  volcano_pools
